 Dungeon Crawl Stone Soup version 0.29.1-13-g9f3cf754e1 (webtiles) character file.

Game seed: 12971595214605120335

6 shadowmeld the Insei (level 2, -2/22 HPs)
             Began as a Djinni Transmuter on Jan 29, 2023.
             Killed from afar by a dart slug (3 damage)
             ... with a slug dart
             ... on level 1 of the Dungeon.
             The game lasted 00:03:36 (374 turns).

shadowmeld the Insei (Djinni Transmuter)             Turns: 374, Time: 00:03:39

Health: -2/22      AC:  5    Str:  9    XL:     2   Next: 0%
Gold:   20         EV: 10    Int: 14    God:
                   SH:  0    Dex: 13

rFire   + + .      SeeInvis .     - Unarmed
rCold   x . .      Faith    .   (no shield)
rNeg    . . .      Spirit   .   c - +0 ring mail
rPois   ∞          Reflect  .   (helmet currently unavailable)
rElec   .          Harm     .   (no cloak)
rCorr   .          Rampage  .   (no gloves)
Will    .....                   (boots unavailable)
Stlth   +.........              (no amulet)
HPRegen 0.07/turn               d - ring of wizardry
MPRegen 0.00/turn               (no ring)

@: appendages (expiring), flying
A: horns 2, flying, sickness immunity, fire resistance 2, cold vulnerability 1,
float, innate caster, HP casting, extra vitality 1
a: End Transformation


You were on level 1 of the Dungeon.
You had temporarily grown beastly horns.
You visited 1 branch of the dungeon, and saw 1 of its levels.

You collected 20 gold pieces.

Inventory:

Armour
 a - a +0 robe
 c - a +0 ring mail (worn)
Jewellery
 d - a ring of wizardry (left hand)
Potions
 b - a potion of lignification
 e - 2 potions of brilliance {unknown}


   Skills:
 * Level 1.2 Fighting
 * Level 0.4 Armour
 + Level 2.2 Dodging
 - Level 3.0 Unarmed Combat
 * Level 1.8 Spellcasting


You couldn't memorise any spells.
You knew the following spells:

 Your Spells              Type           Power      Damage    Failure   Level
a - Beastly Appendage     Tmut           12%        N/A       13%         1
b - Wereblood             Tmut           6%         N/A       19%         2
c - Spider Form           Tmut/Pois      6%         N/A       34%         3
d - Ice Form              Ice/Tmut       6%         N/A       75%         4
Your spell library was empty.

Dungeon Overview and Level Annotations

Branches:
Dungeon (1/15)

Altars:


Innate Abilities, Weirdness & Mutations

You have temporarily grown beastly horns.
You are flying.
You are immune to sickness and miasma.
You are immune to poison.
Your flesh is very heat resistant. (rF++)
You are vulnerable to cold. (rC-)
You float through the air rather than walking.
You learn spells naturally, not from books.
Your magical power is your life essence.
You have superior vitality. (+4 MHP)


Message History

The hobgoblin hits you but does no damage.
You barely miss the hobgoblin. Your headbutt misses the hobgoblin.
Your transformation is almost over.
The bat hits you but does no damage. The hobgoblin hits you.
You hit the hobgoblin. You headbutt the hobgoblin.
The hobgoblin is severely wounded.
The bat hits you. The hobgoblin hits you. The dart slug launches a dart at you.
The slug dart hits you.
* * * LOW HITPOINT WARNING * * *
You hit the hobgoblin.
You kill the hobgoblin!
The bat hits you but does no damage.
The dart slug bites you but does no damage.
You have reached level 2!
You hit the dart slug.
The dart slug is moderately wounded.
The bat hits you but does no damage. x2
You hit the dart slug.
The dart slug is heavily wounded.
The bat hits you but does no damage. The dart slug bites you.
* * * LOW HITPOINT WARNING * * *
You hit the dart slug but do no damage.
The dart slug is heavily wounded.
The bat barely misses you. The dart slug launches a dart at you.
The slug dart hits you.
* * * LOW HITPOINT WARNING * * *
You hit the dart slug but do no damage.
The dart slug is heavily wounded.
The bat hits you.
* * * LOW HITPOINT WARNING * * *
The bat hits you but does no damage.
You hit the dart slug.
You headbutt the dart slug, but do no damage.
The dart slug is almost dead.
The bat closely misses you. The dart slug launches a dart at you.
The slug dart hits you.
You die...

#.## #..............#
#....###.....########..
##............##.#####.#
..............##..##...#
....)#....#...##.......#
..............####..##.#
.......##.....########.#
....?..##..[...........#
.......@b....#....####.#
.....#w...#............#
..............###....###
....$.........###.....##
............†.#........#
###.##......#...........
#.#..#.....>##.......# #
..###...#####.....## ##
#...# ##.....##


You could see a dart slug and a bat.

Vanquished Creatures
  2 ball pythons (D:1)
  2 hobgoblins (D:1)
  2 frilled lizards (D:1)
6 creatures vanquished.

Notes
Turn   | Place    | Note
-------+----------+-------------------------------------------
     0 | D:1      | shadowmeld the Djinni Transmuter began the quest for the
                  | Orb.
     0 | D:1      | shadowmeld set off with the following spells memorised:
                  | Beastly Appendage, Wereblood, Spider Form, Ice Form.
     0 | D:1      | Reached XP level 1. HP: 17/17 MP: 0/0
   370 | D:1      | Reached XP level 2. HP: 4/22 MP: 0/0
   373 | D:1      | HP: 1/22 [bat (1)]
   374 | D:1      | Killed from afar by a dart slug

Illustrated notes

Levels and vault maps discovered:
D:1:      shiori_arrival_elements, layout_rooms, skrybe_limestone_x

Action                   || total
-------------------------++-------
Melee: Unarmed           ||    24
       Headbutt          ||     5
 Cast: Beastly Appendage ||     5
 Stab: Sleeping          ||     1
Armor: Ring mail         ||    12
       Robe              ||     1
Dodge: Dodged            ||    10
